 Dungeon Crawl Stone Soup version 0.30-a0-4-ga7cffc901d (webtiles) character file.

Game seed: 5728374395708517776

52 xian the Trooper (level 4, 0/38 HPs)
             Began as a Human Wanderer on Aug 21, 2022.
             Slain by a gnoll
             ... wielding a +0 club
              (3 damage)
             ... on level 2 of the Dungeon.
             The game lasted 00:04:35 (1550 turns).

xian the Trooper (Human Wanderer)                   Turns: 1550, Time: 00:04:36

Health: 0/38       AC:  7    Str: 12    XL:     4   Next: 8%
Magic:  3/5        EV: 11    Int: 14    God:
Gold:   86         SH:  0    Dex: 13    Spells: 3/5 levels left

rFire   . . .      SeeInvis .    a - +3 dagger
rCold   . . .      Faith    .    (no shield)
rNeg    + . .      Spirit   .    d - +0 leather armour
rPois   .          Reflect  .    (no helmet)
rElec   .          Harm     .    (no cloak)
rCorr   .          Rampage  .    (no gloves)
Will    .....                    (no boots)
Stlth   +.........               (no amulet)
HPRegen 0.12/turn                p - +4 ring of protection
MPRegen 0.09/turn                s - ring of positive energy

@: very slightly contaminated
A: no striking features
a: no special abilities


You were on level 2 of the Dungeon.
You visited 1 branch of the dungeon, and saw 2 of its levels.

You collected 86 gold pieces.

Inventory:

Hand Weapons
 a - a +3 dagger (weapon)
 i - a +1 dagger of protection
Missiles
 b - 2 curare-tipped darts (quivered)
Armour
 d - a +0 leather armour (worn)
Jewellery
 p - a +4 ring of protection (left hand)
 s - a ring of positive energy (right hand)
Scrolls
 c - 2 scrolls of butterflies
 e - 2 scrolls of identify {unknown}
 f - 3 scrolls of noise {unknown}
 l - a scroll of enchant weapon {unknown}
 m - a scroll of poison {unknown}
 o - a scroll of fear {unknown}
 q - a scroll of vulnerability {unknown}
 r - a scroll of enchant armour {unknown}
Potions
 g - a potion of magic {unknown}
 h - 2 potions of brilliance {unknown}
 j - a potion of flight {unknown}
 k - a potion of curing
 n - a potion of cancellation {unknown}


   Skills:
 + Level 4.5 Fighting
 + Level 1.5 Short Blades
 + Level 3.1 Throwing
 - Level 0.5 Armour
 - Level 1.4 Dodging
 + Level 1.1 Spellcasting
 * Level 1.1 Summonings


You had 3 spell levels left.
You knew the following spells:

 Your Spells              Type           Power      Damage    Failure   Level
a - Summon Small Mammal   Summ           16%        N/A       21%         1
b - Shock                 Conj/Air       0%         1d3       32%         1

Your spell library contained the following spells:

 Spells                   Type           Power      Damage    Failure   Level
 Apportation              Tloc           0%         N/A       32%         1
 Necrotise                Necr           0%         1d4       32%         1
 Call Canine Familiar     Summ           4%         N/A       52%         3
 Swiftness                Air            0%         N/A       69%         3
 Airstrike                Air            0%         2d(0-16)  97%         4


Dungeon Overview and Level Annotations

Branches:
Dungeon (2/15)

Altars:
Kikubaaqudgha


Message History

The gnoll is moderately wounded.
The gnoll misses you. The gnoll hits you with a +0 flail.
The gnoll hits you but does no damage. The gnoll closely misses you.
You hit the gnoll.
The gnoll is heavily wounded.
The gnoll hits you but does no damage. The gnoll closely misses you.
The gnoll hits you with a +0 flail! The gnoll hits you with a +0 club.
You hit the gnoll.
The gnoll is severely wounded.
The gnoll hits you from afar with a +0 halberd.
* * * LOW HITPOINT WARNING * * *
The gnoll hits you with a +0 halberd.
* * * LOW HITPOINT WARNING * * *
The gnoll hits you with a +0 flail.
* * * LOW HITPOINT WARNING * * *
The gnoll hits you but does no damage.
It was a potion of curing.
You feel better. The gnoll barely misses you.
The gnoll hits you but does no damage. The gnoll hits you with a +0 flail.
* * * LOW HITPOINT WARNING * * *
The gnoll barely misses you.
The gnoll hits you from afar with a +0 halberd.
* * * LOW HITPOINT WARNING * * *
The gnoll hits you but does no damage. The gnoll attacks as you move away!
The gnoll hits you with a +0 halberd.
* * * LOW HITPOINT WARNING * * *
The gnoll closely misses you. The gnoll attacks as you move away!
The gnoll barely misses you.
Casting: Summon Small Mammal (safe; 21% risk of failure)
Confirm with . or Enter, or press ? or * to list all spells.
You miscast Summon Small Mammal.
You are very lightly contaminated with residual magic.
Nothing appears to happen.
The gnoll hits you with a +0 flail.
* * * LOW HITPOINT WARNING * * *
The gnoll attacks as you move away! The gnoll closely misses you.
You feel better. The gnoll hits you with a +0 flail!
* * * LOW HITPOINT WARNING * * *
Casting: Summon Small Mammal (safe; 21% risk of failure)
Confirm with . or Enter, or press ? or * to list all spells.
The gnoll attacks as you move away! The gnoll hits you with a +0 club.
You die...

##.# #.# #.# ###
#.###### +.#
#.#....# +.#
#.#....# #.# #.#
...# #r# #.####.##
#.#
#.##..$.#######@#
#.##.......gg.gg#
##.##....#########
##.#.....#
##.#.....#
#......###
#..##..# รท......#
##..##.#


You could see 4 gnolls and a friendly rat (summoned).

Vanquished Creatures
  2 adders (D:2)
  A dart slug (D:2)
  5 ball pythons
  A giant cockroach (D:1)
  5 goblins (D:1)
  A hobgoblin (D:2)
  A bat (D:1)
  4 frilled lizards
  8 kobolds
  6 rats
34 creatures vanquished.

Vanquished Creatures (collateral kills)
  A hobgoblin (D:2)
  A bat (D:2)
2 creatures vanquished.

Vanquished Creatures (others)
  4 plants (D:1)
4 creatures vanquished.

Grand Total: 40 creatures vanquished

Notes
Turn   | Place    | Note
-------+----------+-------------------------------------------
     0 | D:1      | xian the Human Wanderer began the quest for the Orb.
     0 | D:1      | xian set off with the following items: a +3 dagger, 2
                  | curare-tipped darts, a scroll of butterflies, a +0 leather
                  | armour; and the following spell memorised: Summon Small
                  | Mammal; and the following spells available to memorise:
                  | Call Canine Familiar.
     0 | D:1      | Reached XP level 1. HP: 19/19 MP: 2/2
   231 | D:1      | Reached XP level 2. HP: 25/25 MP: 3/3
   758 | D:1      | Learned a level 1 spell: Shock
   770 | D:1      | Reached skill level 1 in Short Blades
   823 | D:1      | Reached XP level 3. HP: 24/31 MP: 4/4
  1376 | D:2      | Reached XP level 4. HP: 38/38 MP: 5/5
  1393 | D:2      | Found an ancient bone altar of Kikubaaqudgha.
  1537 | D:2      | HP: 1/38 [gnoll/+0 flail (2)]
  1544 | D:2      | HP: 1/38 [gnoll/+0 flail (2)]
  1550 | D:2      | Slain by a gnoll

Illustrated notes

Levels and vault maps discovered:
D:1:      scummos_arrival_forest, layout_loops_cross, lexackson_kobold_supper
D:2:      layout_rooms, basic_altar, kennysheep_generic_room_15

Skill      XL: |  1  2 |
---------------+-------+-----
Short Blades   | 1 |  1.5
Fighting       | |  4.5
Throwing       | |  3.1
Armour         | |  0.5
Dodging        | |  1.4
Spellcasting   | |  1.1
Summonings     | |  1.1

Action                   |  1- 3 |  4- 6 || total
-------------------------+-------+-------++-------
Melee: Dagger            |   134 |    19 ||   153
 Cast: Summon Small Mamm |     3 |     2 ||     5
  Use: Potion            |       |     2 ||     2
Armor: Leather armour    |    86 |    11 ||    97
Dodge: Dodged            |   137 |    22 ||   159

Table legend: (Time is in decaauts)
 A = Elapsed time spent in this place.
 B = Non-inter-level travel time spent in this place.
 C = Inter-level travel time spent in this place.
 D = Time resting spent in this place.
 E = Time spent auto-exploring this place.
 F = Levels seen in this place.
 G = Mean time per level.
                   A        B        C        D        E       F      G
               +--------+--------+--------+--------+--------+-----+--------+
         Total |   1542 |   1462 |     80 |      0 |   1025 |   2 |  771.0 |
       Dungeon |   1542 |   1462 |     80 |      0 |   1025 |   2 |  771.0 |
               +--------+--------+--------+--------+--------+-----+--------+

Top non-repeatable levels by time:
     D:1: 1099 daAuts
     D:2: 443 daAuts
